 Dungeon Crawl Stone Soup version 0.29.0-4-gdea44cf6ec (webtiles) character file.

Game seed: 13640455460487065475

184 qw the Chopper (level 5, -1/32 HPs)
             Began as a Gargoyle Fighter on Sept 6, 2022.
             Slain by a black bear (2 damage)
             ... on level 3 of the Dungeon.
             The game lasted 00:01:10 (2705 turns).

qw the Chopper (Gargoyle Fighter)                   Turns: 2705, Time: 00:01:11

Health: -1/32      AC: 13    Str: 22    XL:     5   Next: 64%
Magic:  5/5        EV:  4    Int:  8    God:
Gold:   167        SH: 12    Dex:  9    Spells: 4/4 levels left

rFire   . . .      SeeInvis .   Y - +0 war axe
rCold   . . .      Faith    .   l - +0 tower shield
rNeg    + . .      Spirit   .   f - +0 chain mail
rPois   inf        Reflect  .   (no helmet)
rElec   +          Harm     .   (no cloak)
rCorr   .          Rampage  .   (no gloves)
Will    .....                   (no boots)
Stlth   ..........              (no amulet)
HPRegen 0.10/turn               (no ring)
MPRegen 0.09/turn               (no ring)

@: no status effects
A: sickness immunity, AC +4, negative energy resistance 1, electricity
resistance, torment resistance 1, petrification resistance
a: no special abilities


You were on level 3 of the Dungeon.
You visited 1 branch of the dungeon, and saw 3 of its levels.

You collected 167 gold pieces.


Innate Abilities, Weirdness & Mutations

You are immune to sickness and miasma.
Your stone body is resilient. (AC +4)
You are immune to poison.
You resist negative energy. (rN+)
You are resistant to electric shocks. (rElec)
You are resistant to unholy torment.
You are immune to petrification.


   Skills:
 - Level 3.2 Fighting
 - Level 4.6 Axes
 - Level 3.2 Armour
 + Level 4.3 Shields


You had 4 spell levels left.
You didn't know any spells.
Your spell library was empty.

Inventory:

Hand Weapons
 p - a +0 morningstar
 Y - a +0 war axe (weapon)
Armour
 f - a +0 chain mail (worn)
 l - a +0 tower shield (worn)
Scrolls
 a - 2 scrolls of identify
Potions
 b - 2 potions of mutation {unknown}
 c - a potion of curing {unknown}
 d - 2 potions of might
 g - a potion of ambrosia {unknown}
 h - 2 potions of degeneration {unknown}
 j - a potion of attraction {unknown}
 k - a potion of heal wounds {unknown}
 m - a potion of lignification {unknown}

Dungeon Overview and Level Annotations

Branches:
Dungeon (3/15)

Altars:


Message History

The black bear bites you.
The black bear claws you but does no damage.
You block the black bear's attack.
You completely miss the black bear.
The black bear is lightly wounded.
The black bear bites you. You block the black bear's attack.
The black bear claws you but does no damage.
The black bear bites you. The black bear claws you.
You block the black bear's attack.
You slash the black bear!
The black bear is heavily wounded.
You block the black bear's attack. x2; The black bear claws you.
You closely miss the black bear.
The black bear is heavily wounded.
You block the black bear's attack.
The black bear claws you but does no damage.
You block the black bear's attack. x2; The black bear barely misses you.
The black bear claws you but does no damage.
You hit the black bear but do no damage.
The black bear is heavily wounded.
You block the black bear's attack.
The black bear claws you but does no damage. x2
The black bear bites you but does no damage.
The black bear claws you but does no damage.
The black bear barely misses you.
You closely miss the black bear.
The black bear is heavily wounded.
The black bear bites you!
The black bear claws you but does no damage. x2
You hit the black bear.
The black bear is heavily wounded.
The black bear bites you but does no damage.
The black bear claws you but does no damage.
You block the black bear's attack. x2; The black bear claws you.
The black bear claws you but does no damage.
You barely miss the black bear.
The black bear is heavily wounded.
The black bear bites you. You block the black bear's attack. x2
The black bear bites you. The black bear claws you.
You die...

#.# #.# #.# #########
#.#
........#######.######.
.......)..............>
.#....#.#######.######.#
.#.#....................
...#..#.########@#####.#
.###....#........h.....#
.# #...##.######.#####.#
.###....#+#### #.#
......#<.....# #.#
......#......# #..
......'......# ###
..(...##.....# ......
#.....#


You could see a black bear.

Vanquished Creatures
  A scorpion (D:2)
  2 adders
  3 gnolls (D:3)
  2 worms
  2 dart slugs
  5 orcs (D:3)
  9 bats
  9 endoplasms
  2 giant cockroaches
  3 goblins
  8 hobgoblins
  3 kobolds
  2 quokkas (D:2)
  5 ball pythons
  4 frilled lizards
  4 rats
64 creatures vanquished.

Notes
Turn   | Place    | Note
-------+----------+-------------------------------------------
     0 | D:1      | qw the Gargoyle Fighter began the quest for the Orb.
     0 | D:1      | Reached XP level 1. HP: 14/14 MP: 1/1
     0 | D:1      | 0 ||| qw: Version: 0.1-a-108-g9e35731
     0 | D:1      | 0 ||| qw: Game counter: 6234
     0 | D:1      | 0 ||| qw: Always use a shield: true
     0 | D:1      | 0 ||| qw: God list: Okawaru
     0 | D:1      | 0 ||| qw: Allow faded altars: false
     0 | D:1      | 0 ||| qw: Do Orc after D:15 true
     0 | D:1      | 0 ||| qw: Do second Lair branch before Depths: true
     0 | D:1      | 0 ||| qw: Lair rune preference: random
     0 | D:1      | 0 ||| qw: Plans: Normal, Zot, God:TSO, Crypt, Tomb, Zig,
                  | Orb
     0 | D:1      | 0 ||| PLANNING D:1-11
   280 | D:1      | Reached XP level 2. HP: 19/19 MP: 2/2
   581 | D:1      | Reached skill level 3 in Axes
   582 | D:1      | Reached XP level 3. HP: 23/23 MP: 3/3
   967 | D:1      | 967 ||| READING 3 scrolls labelled LAASCHYOHOA.
   968 | D:1      | 968 ||| READING scroll labelled ZIBBIT YMYTI.
   969 | D:1      | 969 ||| READING scroll labelled ERANUSHOU ASOZ.
   970 | D:1      | 970 ||| DRINKING 2 green potions.
   971 | D:1      | 971 ||| READING 2 scrolls of identify.
   971 | D:1      | 971 ||| IDENTIFYING dark potion
   972 | D:1      | 972 ||| DROPPING potion of flight.
   973 | D:1      | 973 ||| DROPPING potion of invisibility.
  1001 | D:2      | Noticed a scorpion
  1010 | D:2      | Killed a scorpion
  1011 | D:2      | Reached XP level 4. HP: 27/28 MP: 4/4
  1451 | D:2      | Reached XP level 5. HP: 32/32 MP: 5/5
  1564 | D:2      | Found a faded altar of an unknown god.
  1997 | D:2      | 1997 ||| DROPPING +0 whip.
  2026 | D:2      | 2026 ||| UPGRADING to +0 chain mail.
  2036 | D:2      | 2036 ||| DROPPING +0 scale mail.
  2037 | D:2      | 2037 ||| UPGRADING to +0 tower shield.
  2047 | D:2      | 2047 ||| DROPPING +0 buckler.
  2048 | D:2      | 2048 ||| DROPPING +6 ring of intelligence.
  2049 | D:2      | 2049 ||| READING scroll labelled YMOOB REOMABA.
  2052 | D:2      | 2052 ||| READING 2 scrolls of identify.
  2052 | D:2      | 2052 ||| IDENTIFYING brown potion
  2053 | D:2      | 2053 ||| DROPPING potion of berserk rage.
  2188 | D:3      | 2188 ||| Stepping ~*~*~tactically~*~*~ (hiding).
  2433 | D:3      | 2433 ||| Stepping ~*~*~tactically~*~*~ (stealth).
  2442 | D:3      | 2442 ||| Stepping ~*~*~tactically~*~*~ (stealth).
  2690 | D:3      | Noticed a black bear
  2705 | D:3      | HP: 6/32 [black bear (4)]
  2705 | D:3      | HP: 1/32 [black bear (5)]
  2705 | D:3      | Slain by a black bear

Levels and vault maps discovered:
D:1:      shiori_arrival_elements, layout_loops_ring
D:2:      layout_loops_corners, hellmonk_ecumenical_altar_lost_god,
          minmay_misc_feat_square, roderic_roman_lattice
D:3:      layout_basic

Skill      XL: |  1  2  3  4  5 |
---------------+----------------+-----
Axes           | 2 3 4 |  4.6
Shields        | 4 |  4.3
Fighting       | |  3.2
Armour         | |  3.2

Action                   |  1- 3 |  4- 6 || total
-------------------------+-------+-------++-------
Melee: War axe           |    74 |   123 ||   197
  Use: Scroll            |     4 |     2 ||     6
       Potion            |     1 |       ||     1
Armor: Scale mail        |    43 |    25 ||    68
       Chain mail        |       |    51 ||    51
Dodge: Dodged            |    39 |    32 ||    71
Block: Buckler           |    10 |     9 ||    19
       Tower shield      |       |    64 ||    64

Table legend:
 A = Non-vault XP
 B = Vault XP
 C = Vault XP percentage of total XP
 D = Non-vault monster count
 E = Vault monster count
 F = Vault count percentage of total count
                 A         B        C        D         E       F
            +---------+---------+-------+---------+---------+-------
      Total |     264 |       0 |   0.0 |      64 |       0 |   0.0
            +---------+---------+-------+---------+---------+-------
        D:1 |      45 |       0 |   0.0 |      25 |       0 |   0.0
        D:2 |     129 |       0 |   0.0 |      19 |       0 |   0.0
        D:3 |      90 |       0 |   0.0 |      20 |       0 |   0.0
            +---------+---------+-------+---------+---------+-------
